[Event "Titled Tuesday Blitz August 24 2021"]
[White "Delorme, Alban"]
[Black "Zeltsan, Joseph"]
[WhiteFideId "623636"]
[BlackFideId "30932980"]
[WhiteElo "2197"]
[BlackElo "2195"]
[Result "1-0"]
[Round "06"]
[TimeControl "180+1"]
[Date "2021.08.24"]
[WhiteClock "0:00:15"]
[BlackClock "0:00:01"]

1. d4 Nf6 2. Nc3 d5 3. Bg5 c5 4. Bxf6 gxf6 5. e4 dxe4 6. dxc5 Qa5 7. Qd5 Nc6 8. Bb5 Bd7 9. O-O-O Rd8 10. Qxe4 f5 11. Qe3 Bg7 12. Nf3 O-O 13. Bxc6 Bxc6 14. Ne5 Rc8 15. f4 Be8 16. Nd5 Rxc5 17. b4 Rxc2+ 18. Kxc2 Qxa2+ 19. Kc1 Ba4 20. Qc3 Kh8 21. Rd2 Qb3 22. Qxb3 Bxb3 23. Nxe7 Re8 24. Nxf5 Bf8 25. Nd6 Re7 26. Kb2 Be6 27. Re1 Bg7 28. Ka3 Rc7 29. Nb5 Rc8 30. Nd4 Bd5 31. Nf5 1-0


[Site "https://www.chess.com"]

[Event "Titled Tuesday Blitz August 24 2021"]
[White "Drozdowski, Kacper"]
[Black "Taboas Rodriguez, Daniel"]
[WhiteFideId "1136720"]
[BlackFideId "2208466"]
[WhiteElo "2507"]
[BlackElo "2429"]
[Result "1-0"]
[Round "06"]
[TimeControl "180+1"]
[Date "2021.08.24"]
[WhiteClock "0:00:18"]
[BlackClock "0:00:01"]

1. e4 e6 2. d4 d5 3. Nd2 Nc6 4. Ngf3 Nf6 5. e5 Ne4 6. Bd3 Nxd2 7. Bxd2 Nb4 8. Be2 c5 9. O-O Bd7 10. c3 Nc6 11. Be3 Qb6 12. dxc5 Bxc5 13. Bxc5 Qxc5 14. Qd2 O-O 15. Rac1 f6 16. exf6 Rxf6 17. Nd4 Raf8 18. f4 Qd6 19. g3 e5 20. fxe5 Nxe5 21. Rxf6 Rxf6 22. Rf1 Bh3 23. Rxf6 Qxf6 24. Qe3 h6 25. a4 b6 26. Bf3 Kh8 27. Qf4 Qxf4 28. gxf4 Nd3 29. Bxd5 Nxb2 30. Bc6 Nd3 31. f5 Kg8 32. Bb5 Nc5 33. Nc6 a5 34. Ne7+ Kf7 35. Nd5 Bxf5 36. Nxb6 Bc2 37. Kf1 Ke6 38. Ke2 g5 39. Ke3 Ke5 40. Nc4+ Kf5 41. Nxa5 Bxa4 42. Be2 g4 43. Nc4 h5 44. Nd6+ Ke5 45. Nc4+ Kf5 46. Nd2 h4 47. Kf2 Kf4 48. c4 Bc6 49. Nf1 Ne4+ 50. Kg1 Nd2 51. Nxd2 Ke3 52. Nb3 Be4 53. Bxg4 Kd3 54. Nc5+ Kd4 55. Nxe4 Kxe4 56. Kg2 1-0


[Site "https://www.chess.com"]

[Event "Titled Tuesday Blitz August 24 2021"]
[White "Escalante Ramirez, Brian Sebasti"]
[Black "Isajevsky, Anton"]
[WhiteFideId "3819566"]
[BlackFideId "4142500"]
[WhiteElo "2214"]
[BlackElo "2510"]
[Result "0-1"]
[Round "06"]
[TimeControl "180+1"]
[Date "2021.08.24"]
[WhiteClock "0:00:08"]
[BlackClock "0:00:09"]

1. e4 c5 2. Nf3 d6 3. d4 cxd4 4. Nxd4 Nf6 5. Nc3 a6 6. Be3 e5 7. Nf3 Be7 8. Bc4 O-O 9. O-O Nc6 10. a4 Be6 11. Qe2 Rc8 12. Bxe6 fxe6 13. a5 Nd7 14. Qc4 Nd4 15. Qa2 Nxf3+ 16. gxf3 Rf6 17. Kg2 Nf8 18. Rg1 Qe8 19. Kh1 Qh5 20. Rg3 Rxf3 21. Rag1 Rxg3 22. Rxg3 Bh4 23. Rg2 Qf3 24. Qb3 Rc7 25. Qb4 Rd7 26. Qc4 Bd8 27. Bb6 Bxb6 28. axb6 Rf7 29. Kg1 Qf4 30. Qd3 Qc1+ 31. Nd1 Rd7 32. f3 d5 33. Qd2 Qb1 34. Re2 dxe4 0-1


[Site "https://www.chess.com"]

[Event "Titled Tuesday Blitz August 24 2021"]
[White "Espinosa Veloz, Ermes"]
[Black "Svane, Frederik"]
[WhiteFideId "3507424"]
[BlackFideId "12923044"]
[WhiteElo "2333"]
[BlackElo "2459"]
[Result "0-1"]
[Round "06"]
[TimeControl "180+1"]
[Date "2021.08.24"]
[WhiteClock "0:01:17"]
[BlackClock "0:02:27"]

1. e4 c5 2. Nf3 e6 3. d4 cxd4 4. Nxd4 Nc6 5. Nc3 Qc7 6. Be3 a6 7. Qf3 Ne5 8. Qg3 h5 9. f4 h4 10. Qh3 Ng6 11. Qf3 Bb4 12. Bd2 Bxc3 13. Qxc3 Qxc3 14. bxc3 d6 15. Bd3 e5 16. Nf5 Bxf5 17. exf5 Nxf4 18. Bxf4 exf4 19. Be4 O-O-O 20. Rb1 Re8 21. Kf2 Rxe4 22. Kf3 Nf6 23. Rhd1 Rhe8 24. Rxd6 Re3+ 25. Kxf4 R8e4+ 0-1


[Site "https://www.chess.com"]

[Event "Titled Tuesday Blitz August 24 2021"]
[White "Eynullayev, Altay"]
[Black "Costachi, Mihnea"]
[WhiteFideId "13413562"]
[BlackFideId "1217518"]
[WhiteElo "2079"]
[BlackElo "2482"]
[Result "0-1"]
[Round "06"]
[TimeControl "180+1"]
[Date "2021.08.24"]
[WhiteClock "0:00:17"]
[BlackClock "0:00:34"]

1. e4 e5 2. Nf3 Nc6 3. Bb5 a6 4. Ba4 d6 5. O-O Bd7 6. d4 b5 7. Bb3 Nxd4 8. Nxd4 exd4 9. c3 d3 10. Qxd3 Nf6 11. Bg5 Be7 12. Nd2 O-O 13. f4 h6 14. Bh4 Re8 15. e5 Nh5 16. Bxe7 Qxe7 17. Qf3 g6 18. Ne4 Bc6 19. Nf6+ Nxf6 20. Qxc6 Ng4 21. Rae1 h5 22. h3 Nh6 23. exd6 Qxe1 24. Rxe1 Rxe1+ 25. Kf2 Rae8 26. d7 R8e2+ 27. Kg3 Nf5+ 28. Kh2 Ne3 29. d8=Q+ Kh7 30. h4 Nf1+ 31. Kh3 Re3+ 32. Qf3 Rxf3+ 33. gxf3 Re2 0-1


[Site "https://www.chess.com"]

[Event "Titled Tuesday Blitz August 24 2021"]
[White "Eynullayev, Atilla"]
[Black "Djordjevic, Vuk"]
[WhiteFideId "13413570"]
[BlackFideId "902098"]
[WhiteElo "1997"]
[BlackElo "2463"]
[Result "0-1"]
[Round "06"]
[TimeControl "180+1"]
[Date "2021.08.24"]
[WhiteClock "0:00:12"]
[BlackClock "0:00:28"]

1. e4 d5 2. exd5 Qxd5 3. Nc3 Qd6 4. d4 Nf6 5. Nf3 c6 6. h3 g6 7. Bc4 Be6 8. Bd3 Bg7 9. O-O O-O 10. a4 Nbd7 11. b3 c5 12. Nb5 Qb8 13. c4 a6 14. Nc3 Nh5 15. Be3 cxd4 16. Bxd4 Nf4 17. Bxg7 Kxg7 18. Bc2 Nf6 19. Nd4 Bxh3 20. gxh3 Rd8 21. Nce2 e5 22. Nxf4 Rxd4 23. Nd3 e4 24. Qe2 exd3 25. Bxd3 Qd6 26. Rad1 Re8 27. Qf3 Rf4 28. Qxb7 Re5 29. Bf5 Qc5 0-1


[Site "https://www.chess.com"]

[Event "Titled Tuesday Blitz August 24 2021"]
[White "Farahat, Ali"]
[Black "Seo, Jung Min"]
[WhiteFideId "10600507"]
[BlackFideId "1734687"]
[WhiteElo "2321"]
[BlackElo "2486"]
[Result "1-0"]
[Round "06"]
[TimeControl "180+1"]
[Date "2021.08.24"]
[WhiteClock "0:02:28"]
[BlackClock "0:01:57"]

1. e4 c5 2. Nf3 Nc6 3. Bb5 g6 4. O-O Bg7 5. c3 Nf6 6. e5 Nd5 7. d4 cxd4 8. cxd4 O-O 9. Nc3 Nxc3 10. bxc3 d6 11. exd6 Qxd6 12. a4 Bg4 13. h3 Bxf3 14. Qxf3 Rfc8 15. Re1 e6 16. Bf4 Qd7 17. Rad1 a6 18. Bf1 Ne7 19. c4 Bxd4 20. Be5 Nc6 21. Rxd4 Nxd4 22. Qf6 1-0


[Site "https://www.chess.com"]

[Event "Titled Tuesday Blitz August 24 2021"]
[White "Girinath, P.D.S."]
[Black "Goryachkina, Aleksandra"]
[WhiteFideId "5000572"]
[BlackFideId "4147103"]
[WhiteElo "2333"]
[BlackElo "2441"]
[Result "1/2-1/2"]
[Round "06"]
[TimeControl "180+1"]
[Date "2021.08.24"]
[WhiteClock "0:00:05"]
[BlackClock "0:00:03"]

1. e4 c5 2. Nf3 e6 3. d3 d5 4. Qe2 dxe4 5. dxe4 b6 6. c3 Ba6 7. Qc2 Bxf1 8. Kxf1 Nd7 9. Bf4 Ngf6 10. Na3 Be7 11. Rd1 O-O 12. h3 Qc8 13. Kg1 Qc6 14. Kh2 Rfd8 15. Rhe1 Nf8 16. Rxd8 Rxd8 17. Nc4 h6 18. Nfe5 Qb7 19. a4 N6d7 20. f3 Nxe5 21. Bxe5 a6 22. Rd1 Rxd1 23. Qxd1 b5 24. axb5 axb5 25. Ne3 Ng6 26. Bd6 Bg5 27. Qe2 Qd7 28. Bg3 c4 29. Nc2 Qd3 30. Qf2 h5 31. Nb4 Qd1 32. f4 Be7 33. f5 Nf8 34. Nc6 Bg5 35. h4 Bd8 36. fxe6 Nxe6 37. Ne5 Bf6 38. Nf3 Qd3 39. e5 Be7 40. Qb6 Bc5 41. Qxb5 Qd1 42. Qe8+ Bf8 43. Ng5 Nxg5 44. hxg5 Qg4 45. e6 Qxe6 46. Qxe6 fxe6 47. g6 Bc5 48. Be5 Be3 49. Kh3 Bc1 50. Kh4 Bxb2 51. Kxh5 Bc1 52. Kg4 Kf8 53. Kf3 Bg5 54. Ke4 Be7 55. Kd4 Bf6 56. Bxf6 gxf6 57. Kxc4 Kg7 58. Kc5 Kxg6 59. Kd6 e5 60. c4 e4 61. c5 e3 62. c6 e2 63. c7 e1=Q 64. c8=Q Qd2+ 65. Ke7 Qe3+ 66. Kf8 Qh6+ 67. Ke7 Qg7+ 68. Kd6 Kh7 69. Qh3+ Kg8 70. Qe6+ Kh7 71. Qh3+ Kg8 72. Qe6+ Kh7 73. Qh3+ 1/2-1/2


[Site "https://www.chess.com"]

[Event "Titled Tuesday Blitz August 24 2021"]
[White "Golubev, Mikhail"]
[Black "Rahman, Ziaur"]
[WhiteFideId "14100983"]
[BlackFideId "10200037"]
[WhiteElo "2374"]
[BlackElo "2460"]
[Result "1-0"]
[Round "06"]
[TimeControl "180+1"]
[Date "2021.08.24"]
[WhiteClock "0:00:15"]
[BlackClock "0:00:01"]

1. e4 c6 2. d4 d5 3. e5 Bf5 4. h4 h5 5. c4 e6 6. Nc3 dxc4 7. Bxc4 Nd7 8. Nge2 Be7 9. Ng3 Bg6 10. Be2 Bxh4 11. Nxh5 Bxh5 12. Bxh5 g6 13. Bf3 Bf6 14. Rxh8 Bxh8 15. Ne4 Qb6 16. Nd6+ Kf8 17. Be4 Nxe5 18. dxe5 Bxe5 19. Nxf7 Kxf7 20. Qc2 Ne7 21. Bg5 Qb4+ 22. Kf1 Bf6 23. Bxf6 Kxf6 24. Rd1 Rh8 25. g3 Qb5+ 26. Kg1 Qh5 27. a3 Qh2+ 28. Kf1 Qh3+ 29. Bg2 Qf5 30. Qc3+ Kf7 31. Rd3 Qf6 32. Qb3 Kg7 33. Qxb7 1-0


[Site "https://www.chess.com"]

[Event "Titled Tuesday Blitz August 24 2021"]
[White "Gontcharov, Vladislav"]
[Black "Zubov, Alexander"]
[WhiteFideId "4123492"]
[BlackFideId "14109409"]
[WhiteElo "2503"]
[BlackElo "2740"]
[Result "0-1"]
[Round "06"]
[TimeControl "180+1"]
[Date "2021.08.24"]
[WhiteClock "0:00:01"]
[BlackClock "0:00:02"]

1. e4 e5 2. Nf3 Nc6 3. Bb5 a6 4. Ba4 Nf6 5. d3 d6 6. c3 g6 7. O-O Bg7 8. h3 O-O 9. Re1 h6 10. Nbd2 Nh5 11. Nf1 Qf6 12. Ne3 Nf4 13. Nd5 Nxd5 14. exd5 Ne7 15. Bb3 Nf5 16. a4 g5 17. Nh2 Qg6 18. Bc2 Ne7 19. d4 f5 20. dxe5 dxe5 21. Be3 Rd8 22. Bb3 Kh8 23. Bc5 Nxd5 24. Bxd5 Be6 25. c4 c6 26. Nf3 e4 27. Bb6 Rd7 28. Nd4 cxd5 29. c5 f4 30. f3 e3 31. Rc1 h5 32. c6 bxc6 33. Rxc6 Re8 34. Qe2 Qf7 35. Rd1 Rb7 36. Qxa6 Bc8 37. Qb5 Bd7 38. a5 Kg8 39. a6 Rbb8 40. a7 Ra8 41. Qc5 Bf8 42. Qc3 Bxc6 43. Nxc6 Rac8 44. b4 Bxb4 45. Qxb4 Rxc6 46. Bd4 Ra6 0-1


[Site "https://www.chess.com"]

[Event "Titled Tuesday Blitz August 24 2021"]
[White "Gracia Alvarez, Gerardo Antonio"]
[Black "Harshavardhan G B"]
[WhiteFideId "5109124"]
[BlackFideId "25059009"]
[WhiteElo "2148"]
[BlackElo "1825"]
[Result "0-1"]
[Round "06"]
[TimeControl "180+1"]
[Date "2021.08.24"]
[WhiteClock "0:00:21"]
[BlackClock "0:01:17"]

1. e4 e6 2. d4 d5 3. Nd2 Nf6 4. e5 Nfd7 5. Bd3 c5 6. c3 Nc6 7. Ne2 cxd4 8. cxd4 f6 9. exf6 Nxf6 10. Nf3 Bd6 11. O-O Qc7 12. Bd2 O-O 13. Rc1 Ne4 14. Be3 Bd7 15. Ng3 Nf6 16. Bd2 Rae8 17. Bc3 g6 18. b4 a6 19. a4 Qb8 20. b5 axb5 21. axb5 Ne7 22. Ne5 Bc8 23. Re1 Nf5 24. Qb3 Bxe5 25. Rxe5 Nxg3 26. hxg3 Ng4 27. Re2 Nxf2 28. Rxf2 Qxg3 29. Rxf8+ Rxf8 30. Qc2 Qe3+ 31. Kh2 Rf2 32. Qd1 e5 33. Qe1 Qh3+ 34. Kg1 Qxg2# 0-1


[Site "https://www.chess.com"]

[Event "Titled Tuesday Blitz August 24 2021"]
[White "Holt, Conrad"]
[Black "Srihari L R"]
[WhiteFideId "2034387"]
[BlackFideId "46617116"]
[WhiteElo "2586"]
[BlackElo "2121"]
[Result "0-1"]
[Round "06"]
[TimeControl "180+1"]
[Date "2021.08.24"]
[WhiteClock "0:01:43"]
[BlackClock "0:01:39"]

1. d4 d5 2. c4 e6 3. Nc3 c5 4. cxd5 exd5 5. Nf3 Nc6 6. g3 Nf6 7. Bg2 cxd4 8. Nxd4 Bc5 9. Nb3 Bb6 10. Nxd5 Be6 11. Bg5 Bxd5 12. Bxf6 Qxf6 13. Bxd5 Qxf2+ 14. Kd2 Rd8 15. Kc1 Be3+ 16. Kb1 Qf5+ 17. Qd3 Rxd5 18. Qxf5 Rxf5 19. Kc2 Ke7 20. Rad1 Rd8 21. Rxd8 Kxd8 22. Kd3 Bb6 23. a3 Rf6 24. Kc3 Re6 25. Kd2 Nd4 26. Nc1 Nf5 27. Nd3 Be3+ 28. Kd1 Nd4 29. Rf1 f5 30. h3 Rc6 31. g4 Rc2 0-1


[Site "https://www.chess.com"]

[Event "Titled Tuesday Blitz August 24 2021"]
[White "Hovhannisyan, Robert"]
[Black "Yanchenko, Roman"]
[WhiteFideId "13302507"]
[BlackFideId "4137329"]
[WhiteElo "2669"]
[BlackElo "2514"]
[Result "1-0"]
[Round "06"]
[TimeControl "180+1"]
[Date "2021.08.24"]
[WhiteClock "0:00:14"]
[BlackClock "0:00:08"]

1. Nc3 e5 2. Nf3 Nc6 3. d4 exd4 4. Nxd4 Nf6 5. Bg5 Be7 6. Nf5 O-O 7. Nxe7+ Nxe7 8. Bxf6 gxf6 9. e3 d6 10. Bd3 Ng6 11. O-O c6 12. Ne2 Re8 13. c4 Bg4 14. Qd2 Bxe2 15. Bxe2 d5 16. cxd5 Qxd5 17. Qxd5 cxd5 18. Bf3 Red8 19. Rfd1 Ne7 20. Rac1 Rac8 21. Kf1 b6 22. Ke1 Kg7 23. Kd2 d4 24. Rxc8 dxe3+ 25. Kxe3 Rxc8 26. Rd7 Nf5+ 27. Kf4 Nh6 28. Rxa7 Rc4+ 29. Ke3 Rc2 30. b4 Rb2 31. a3 Nf5+ 32. Ke4 Nd6+ 33. Kd3 Rxf2 34. Ra6 Ra2 35. a4 Ra3+ 36. Kd4 Nf5+ 37. Kc4 Ne3+ 38. Kb5 Nc2 39. Rxb6 Nd4+ 40. Kc5 Nxf3 41. gxf3 Rxa4 42. Rd6 Ra3 43. f4 Rf3 44. Rd4 Rf2 45. h4 Rc2+ 46. Rc4 Rd2 47. b5 Rd8 48. b6 Rc8+ 49. Kb5 Rb8 50. Rc5 f5 51. Rxf5 f6 52. Rd5 Kh6 53. Kc6 Rc8+ 54. Kd7 Rc4 55. b7 Rxf4 56. b8=Q Rxh4 57. Qf8+ Kg6 58. Qe8+ Kh6 59. Qe3+ Kg6 60. Qg3+ 1-0


[Site "https://www.chess.com"]

[Event "Titled Tuesday Blitz August 24 2021"]
[White "Ibarra Jerez, Jose Carlos"]
[Black "Grafil, Franz Robert"]
[WhiteFideId "2226332"]
[BlackFideId "5205298"]
[WhiteElo "2602"]
[BlackElo "2211"]
[Result "0-1"]
[Round "06"]
[TimeControl "180+1"]
[Date "2021.08.24"]
[WhiteClock "0:00:08"]
[BlackClock "0:00:05"]

1. d4 Nf6 2. Bf4 d5 3. e3 c5 4. c3 Nc6 5. Nd2 Qb6 6. Qb3 g6 7. Ngf3 c4 8. Qc2 Bf5 9. Qc1 Nh5 10. Bg5 h6 11. Bh4 g5 12. Bg3 Nxg3 13. hxg3 Bg7 14. e4 dxe4 15. Nxc4 Qc7 16. Nfd2 Rc8 17. Qd1 O-O 18. Ne3 Bg6 19. g4 e6 20. b4 Ne7 21. Nb1 Nd5 22. Nxd5 exd5 23. Qb3 e3 24. fxe3 Qg3+ 25. Kd2 Rfe8 26. Rh3 Qf2+ 27. Be2 Qxg2 28. Rf3 Be4 29. Rf1 Bxb1 30. Qxb1 Rxe3 31. Qe1 Rexc3 32. Qf2 Qe4 33. Qxf7+ Kh8 34. Qf3 Rxf3 35. Rxf3 Qxd4+ 36. Ke1 Qxa1+ 37. Kf2 Rf8 38. Kg2 Rxf3 39. Bxf3 Qxa2+ 40. Kh3 Qb3 0-1


[Site "https://www.chess.com"]

[Event "Titled Tuesday Blitz August 24 2021"]
[White "Ibrahimli, Murad"]
[Black "Iskusnyh, Sergei"]
[WhiteFideId "13410229"]
[BlackFideId "4120027"]
[WhiteElo "2109"]
[BlackElo "2492"]
[Result "1-0"]
[Round "06"]
[TimeControl "180+1"]
[Date "2021.08.24"]
[WhiteClock "0:01:52"]
[BlackClock "0:00:50"]

1. d4 d5 2. c4 e6 3. Nc3 dxc4 4. e4 c5 5. d5 Nf6 6. Bxc4 exd5 7. Nxd5 Be6 8. Bg5 Be7 9. Nxf6+ Bxf6 10. Qxd8+ Bxd8 11. Bxe6 fxe6 12. Be3 Bf6 13. Bxc5 Bxb2 14. Rb1 Bc3+ 15. Ke2 b6 16. Be3 Nd7 17. Nf3 Ke7 18. Rbc1 Rac8 19. Rc2 Bb4 20. Rhc1 Rxc2+ 21. Rxc2 Bc5 22. Bg5+ Kf7 23. Rd2 Nf8 24. Ne5+ Ke8 25. Rd8# 1-0


[Site "https://www.chess.com"]

[Event "Titled Tuesday Blitz August 24 2021"]
[White "Indjic, Aleksandar"]
[Black "Maksimovic, Bojan"]
[WhiteFideId "911925"]
[BlackFideId "14408120"]
[WhiteElo "2643"]
[BlackElo "2439"]
[Result "1/2-1/2"]
[Round "06"]
[TimeControl "180+1"]
[Date "2021.08.24"]
[WhiteClock "0:00:06"]
[BlackClock "0:00:04"]

1. d4 Nf6 2. Nf3 g6 3. Nc3 d5 4. Bf4 Bg7 5. Nb5 Na6 6. e3 c6 7. Nc3 Nc7 8. h3 O-O 9. Bd3 Bf5 10. Bxf5 gxf5 11. g4 Ne6 12. Be5 fxg4 13. Bxf6 gxf3 14. Bxg7 Nxg7 15. Qxf3 Qd6 16. O-O-O Kh8 17. Rhg1 Qh6 18. Rg4 Qh5 19. Qg2 Ne6 20. Rg1 Qh6 21. Qg3 f5 22. Qe5+ Qf6 23. Qxf6+ Rxf6 24. R4g2 f4 25. Kd2 fxe3+ 26. fxe3 Raf8 27. Ne2 Rf2 28. Rg3 R2f3 29. Kd3 Rxg3 30. Rxg3 Ng7 31. e4 Nh5 32. Rg5 Rf3+ 33. Kd2 Rxh3 34. exd5 cxd5 35. Rxd5 Rh2 36. Rd8+ Kg7 37. Ke3 Nf6 38. Kf3 Rh3+ 39. Kg2 Re3 40. Ng3 Kg6 41. Rb8 h5 42. Rxb7 h4 43. Nf1 Re2+ 44. Kh3 Rxc2 45. Kxh4 Rf2 46. Ne3 Rf3 47. Ng2 Rf2 48. Kh3 Rf3+ 49. Kh4 Rf2 50. Ne3 Rf4+ 51. Kg3 Rxd4 52. Rxa7 Rd3 53. Kf3 e5 54. Ke2 e4 55. b4 Nh5 56. Ra6+ Kf7 57. Ng2 Ng3+ 58. Kf2 Nf5 59. Ra7+ Kf6 60. b5 Rd2+ 61. Kg1 Rb2 62. a4 e3 63. Ra8 Rb1+ 64. Kh2 e2 65. Re8 Nd4 66. Kg3 Rb4 67. Kf2 Rxa4 68. Re4 Rb4 69. Ne1 Kf5 70. Rh4 Nc2 71. Rxb4 Nxb4 72. b6 Nc6 73. b7 Ke5 74. Nd3+ Kd6 75. Nb4 Nb8 76. Kxe2 Kc7 77. Na6+ Kxb7 1/2-1/2


[Site "https://www.chess.com"]

[Event "Titled Tuesday Blitz August 24 2021"]
[White "Ivanchuk, Vasyl"]
[Black "Nozdrachev, Leonid"]
[WhiteFideId "14100010"]
[BlackFideId "24113433"]
[WhiteElo "2710"]
[BlackElo "2240"]
[Result "0-1"]
[Round "06"]
[TimeControl "180+1"]
[Date "2021.08.24"]
[WhiteClock "0:00:01"]
[BlackClock "0:00:02"]

1. c4 e5 2. Nc3 Bb4 3. Qc2 Nf6 4. Nf3 d6 5. e3 O-O 6. Be2 Nc6 7. O-O Bxc3 8. Qxc3 h6 9. b3 Bg4 10. Bb2 e4 11. Nd4 Bxe2 12. Nxe2 d5 13. f3 dxc4 14. fxe4 Qd3 15. Ng3 Qxc3 16. Bxc3 cxb3 17. Bxf6 gxf6 18. axb3 Rfd8 19. d4 Nb4 20. Rac1 c6 21. Rxf6 a5 22. Nf5 a4 23. bxa4 Rxa4 24. Rxh6 Rda8 25. h4 Ra1 26. Rxa1 Rxa1+ 27. Kh2 Nd3 28. Rd6 Nf2 29. Rd8+ Kh7 30. e5 Rf1 31. Nd6 Ng4+ 32. Kg3 Nxe3 33. Nxb7 Nf5+ 34. Kg4 Ne3+ 35. Kh3 Rh1+ 36. Kg3 Nf5+ 37. Kf4 Nxh4 38. Nd6 Nxg2+ 39. Kg3 Ne3 40. Nxf7 Rd1 41. Kf3 Nf5 42. Ke4 Ng3+ 43. Kf3 Nf5 44. Ke4 Ng3+ 45. Kf4 Ne2+ 46. Ke3 Nc3 47. Rd6 Nd5+ 48. Ke4 Kg7 49. Ng5 Re1+ 50. Kf5 Rf1+ 51. Ke6 Nf4+ 52. Kd7 Ne2 53. Ne6+ Kf7 54. Rxc6 Nxd4 55. Nxd4 Rd1 56. Rd6 Kf8 57. e6 Re1 58. e7+ Rxe7+ 59. Kc6 Rf7 60. Ne6+ Ke7 61. Nc5 Rf6 0-1


[Site "https://www.chess.com"]

[Event "Titled Tuesday Blitz August 24 2021"]
[White "Ivanisevic, Ivan"]
[Black "Pham, Le Thao Nguyen"]
[WhiteFideId "912417"]
[BlackFideId "12401226"]
[WhiteElo "2499"]
[BlackElo "2286"]
[Result "1-0"]
[Round "06"]
[TimeControl "180+1"]
[Date "2021.08.24"]
[WhiteClock "0:01:32"]
[BlackClock "0:00:02"]

1. d4 Nf6 2. c4 e6 3. Nc3 Bb4 4. Nf3 O-O 5. g3 b6 6. Bg2 Bb7 7. O-O Bxc3 8. bxc3 d6 9. Re1 Nbd7 10. Bf1 Re8 11. Nd2 e5 12. a4 a5 13. Ba3 Rb8 14. Qc2 c5 15. e4 Qc7 16. d5 Nf8 17. Bd3 Bc8 18. f3 Bd7 19. Nf1 Rb7 20. Ne3 Reb8 21. Bc1 Bc8 22. Kh1 Qd7 23. Rg1 Qh3 24. Qf2 Ng6 25. Bd2 h6 26. Nf5 Bxf5 27. exf5 Ne7 28. g4 e4 29. Bxe4 Kh8 30. Rae1 Neg8 31. Bd3 Rd8 32. Bf1 1-0


[Site "https://www.chess.com"]

[Event "Titled Tuesday Blitz August 24 2021"]
[White "Jacobson, Aaron"]
[Black "Janaszak, Dawid"]
[WhiteFideId "2089912"]
[BlackFideId "1119206"]
[WhiteElo "2265"]
[BlackElo "2332"]
[Result "0-1"]
[Round "06"]
[TimeControl "180+1"]
[Date "2021.08.24"]
[WhiteClock "0:00:04"]
[BlackClock "0:00:48"]

1. e4 c5 2. Nf3 g6 3. d4 cxd4 4. Nxd4 Nc6 5. c4 Nf6 6. Nc3 d6 7. Be2 Nxd4 8. Qxd4 Bg7 9. Bg5 O-O 10. Qd2 Bd7 11. Rd1 Bc6 12. f3 a5 13. h4 h5 14. Bh6 a4 15. g4 Qa5 16. Rg1 hxg4 17. Bxg7 Kxg7 18. fxg4 Nxe4 19. Qd4+ e5 20. Qe3 a3 21. Bf3 axb2 22. Bxe4 Bxe4 23. Qxe4 Qxc3+ 24. Kf2 Rxa2 25. Rb1 f5 26. gxf5 Qd2+ 27. Kf3 Ra3+ 28. Kg4 Rxf5 29. Qxf5 gxf5+ 30. Kh5+ Kf7 31. c5 Qe2+ 32. Kh6 Qe3+ 33. Kh5 Ra1 34. cxd6 Qxg1 35. d7 Qg6# 0-1


[Site "https://www.chess.com"]

[Event "Titled Tuesday Blitz August 24 2021"]
[White "Jarovinsky, Alexey"]
[Black "Woodward, Andy"]
[WhiteFideId "14115131"]
[BlackFideId "30953499"]
[WhiteElo "2446"]
[BlackElo "2137"]
[Result "0-1"]
[Round "06"]
[TimeControl "180+1"]
[Date "2021.08.24"]
[WhiteClock "0:00:07"]
[BlackClock "0:00:06"]

1. Nc3 d5 2. e4 dxe4 3. Nxe4 Nf6 4. Ng3 e5 5. Bc4 Bd6 6. Nf3 O-O 7. O-O e4 8. Ng5 Bxg3 9. hxg3 h6 10. Nh3 Bg4 11. Be2 Bxe2 12. Qxe2 Nc6 13. Nf4 Nd4 14. Qd1 Qd7 15. d3 g5 16. Ne2 Rad8 17. Be3 Nxe2+ 18. Qxe2 exd3 19. cxd3 Qxd3 20. Qf3 Qa6 21. Rad1 Qc6 22. Qxc6 bxc6 23. Bxa7 Rxd1 24. Rxd1 Ra8 25. Bd4 Rd8 26. b4 Ne4 27. Kf1 Nc3 28. Rd2 Nxa2 29. Bc3 Ra8 30. Rc2 Nxc3 31. Rxc3 Ra6 32. Ke2 Rb6 33. Rc4 Kg7 34. g4 Kf6 35. Kf3 Ke5 36. Ke3 Ke6 37. Ke4 Kd6 38. g3 Rb5 39. f4 Rd5 40. Rc2 c5 41. bxc5+ Rxc5 42. Rh2 Rc4+ 43. Kf5 Rc5+ 44. Ke4 Rc4+ 45. Kf5 Rc5+ 46. Kf6 gxf4 47. gxf4 Rc4 48. Kf5 Rc5+ 49. Ke4 Rc4+ 50. Ke3 Rc3+ 51. Kd4 Rf3 52. Ke4 Ra3 53. Rxh6+ Ke7 54. g5 Ra4+ 55. Kf5 Ra5+ 56. Kg4 Ra4 57. Rc6 Kd7 58. Rf6 Ke7 59. Rc6 Kd7 60. Rc2 Ra6 61. Kf5 Rd6 62. Ra2 c5 63. Ra7+ Ke8 64. Rc7 Rd5+ 65. Kf6 Rd6+ 66. Kg7 Rd5 67. Rxf7 c4 68. g6 c3 69. Rf8+ Kd7 70. Rf7+ Kc6 71. Rf8 Rd7+ 72. Kg8 c2 73. Rc8+ Rc7 74. Rxc7+ Kxc7 75. g7 c1=Q 76. Kh8 Qh1+ 77. Kg8 Qd5+ 78. Kh7 Qh5+ 79. Kg8 Kd7 80. Kf8 Qf5+ 81. Kg8 Ke7 82. Kh8 Qh5+ 83. Kg8 Kf6 84. Kf8 Qf7# 0-1


[Site "https://www.chess.com"]

[Event "Titled Tuesday Blitz August 24 2021"]
[White "Jin, Ashton"]
[Black "Ivanov, Oleg"]
[WhiteFideId "30931908"]
[BlackFideId "4103114"]
[WhiteElo "2476"]
[BlackElo "2716"]
[Result "1-0"]
[Round "06"]
[TimeControl "180+1"]
[Date "2021.08.24"]
[WhiteClock "0:00:16"]
[BlackClock "0:00:07"]

1. e4 d5 2. exd5 Qxd5 3. Nc3 Qd6 4. d4 Nf6 5. Nf3 c6 6. Be2 Bg4 7. O-O e6 8. h3 Bh5 9. Be3 Nbd7 10. Ne5 Bxe2 11. Qxe2 Nxe5 12. dxe5 Qxe5 13. Rad1 Be7 14. f4 Qh5 15. Qf2 O-O 16. a4 Qa5 17. Bd4 Qb4 18. Kh1 Rad8 19. Bxa7 Qxb2 20. Bd4 Qb4 21. Be5 Rxd1 22. Rxd1 Rd8 23. Rxd8+ Bxd8 24. Qd2 Nd5 25. Qd3 Be7 26. Ne4 Qxa4 27. c4 Nb6 28. Qg3 Bf8 29. Nf6+ Kh8 30. Qh4 Qd1+ 31. Kh2 Qd3 32. c5 Nd5 33. Ne8 Kg8 34. Qd8 Qg6 35. Bd6 f6 36. Nc7 Qf7 37. Nxe6 h6 38. Nxf8 h5 39. f5 g5 40. Ng6+ Kg7 41. Qh8# 1-0


[Site "https://www.chess.com"]

[Event "Titled Tuesday Blitz August 24 2021"]
[White "Kamsky, Gata"]
[Black "Mezentsev, Ivan"]
[WhiteFideId "2000024"]
[BlackFideId "13706195"]
[WhiteElo "2644"]
[BlackElo "2295"]
[Result "1/2-1/2"]
[Round "06"]
[TimeControl "180+1"]
[Date "2021.08.24"]
[WhiteClock "0:00:30"]
[BlackClock "0:00:11"]

1. d4 Nf6 2. Nf3 g6 3. c3 Bg7 4. Bg5 O-O 5. Nbd2 d5 6. e3 b6 7. Be2 c5 8. O-O Bb7 9. a4 Nc6 10. Qb3 Qc8 11. Rfd1 Nd7 12. Bf4 Re8 13. Bg3 e5 14. dxe5 Ncxe5 15. a5 Bc6 16. Nxe5 Bxe5 17. Bxe5 Nxe5 18. Nf3 Nd7 19. Bb5 Nf6 20. Qa4 Bxb5 21. Qxb5 Qc7 22. h3 Rab8 23. axb6 Qxb6 24. Qa6 Kg7 25. Rd2 Re7 26. Qxb6 Rxb6 27. Ne1 Ne4 28. Rc2 c4 29. Nf3 Reb7 30. Ra2 Nc5 31. Ne1 Kf6 32. g4 Ke6 33. Kg2 Kd6 34. Rd2 Ne4 35. Rc2 Nc5 36. Rd2 Ne4 37. Rc2 Nc5 1/2-1/2


[Site "https://www.chess.com"]

[Event "Titled Tuesday Blitz August 24 2021"]
[White "Kekelidze, Mikheil"]
[Black "Ter-Sahakyan, Samvel"]
[WhiteFideId "13600818"]
[BlackFideId "13302531"]
[WhiteElo "2387"]
[BlackElo "2551"]
[Result "1-0"]
[Round "06"]
[TimeControl "180+1"]
[Date "2021.08.24"]
[WhiteClock "0:00:16"]
[BlackClock "0:00:01"]

1. d4 Nf6 2. c4 e6 3. Nc3 Bb4 4. Nf3 d5 5. g3 O-O 6. Bg2 dxc4 7. a3 Bxc3+ 8. bxc3 c5 9. O-O Nc6 10. Bg5 h6 11. Bh4 cxd4 12. cxd4 g5 13. Nxg5 hxg5 14. Bxg5 Kg7 15. Bxc6 bxc6 16. e4 Qa5 17. e5 Rg8 18. Bxf6+ Kf8 19. Qe1 Qxe1 20. Rfxe1 Rb8 21. h4 Rg4 22. h5 Rxd4 23. Rad1 c5 24. Rc1 Bb7 25. Red1 Bf3 26. Re1 Kg8 27. Re3 Rb3 28. Kh2 Kh7 29. Rcc3 Rxc3 30. Rxc3 Bxh5 31. f3 Bg6 32. g4 Bd3 33. Kg3 Rd7 34. Rc1 Rb7 35. Rh1+ Kg6 36. Kf4 Rb8 37. g5 1-0


[Site "https://www.chess.com"]